General information
- name: BNet
- type: Ladder team game (AT/RT)
- host: Battle.net
- saver: RageChamp23
map: TwilightRuins
- players: 8
- length: 52:44
- speed: Fast
- version: 1.28 W3XP
- replay type: Public
» download(441 KB)
Players
team 1 (winner)
coopermnmcbride (
red | 58 APM | 2434 actions | 41:42)
4 Demon Hunter
2 Mana Burn
2 Evasion
3 Pandaren Brewmaster
2 Breath of Fire
1 Drunken Brawler
3 Keeper of the Grove
1 Entangling Roots
2 Thorns Aura
» actions
| Assign group hotkey | 5 | |
| Basic commands | 85 | |
| Build / train | 107 | |
| ESC pressed | 6 | |
| Enter build submenu | 27 | |
| Enter hero's abilities submenu | 10 | |
| Give item / drop item | 6 | |
| Right click | 1083 | |
| Select / deselect | 805 | |
| Select group hotkey | 181 | |
| Use ability | 119 | |
2434 total
» units
| Wisp | 37 | |
| Archer | 6 | |
| Druid of the Talon | 8 | |
| Chimaera | 6 | |
| Hippogryph | 10 | |
67 total
» upgrades
| Ultravision | 1 | |
| Reinforced Hides | 3 | |
| Strength of the Wild | 3 | |
| Nature's Blessing | 1 | |
| Druid of the Talon Training | 2 | |
| Corrosive Breath | 1 | |
11 total
» buildings
| Altar of Elders | 1 | |
| Moon Well | 9 | |
| Ancient of War | 2 | |
| Tree of Life | 3 | |
| Hunter's Hall | 1 | |
| Tree of Ages | 2 | |
| Ancient of Wonders | 1 | |
| Ancient of Wind | 2 | |
| Tree of Eternity | 1 | |
| Ancient Protector | 4 | |
| Chimaera Roost | 2 | |
28 total
» build order
00:09 Altar of Elders
00:17 Moon Well
00:38 Ancient of War
01:33 Moon Well
03:10 Ancient of War
03:21 Tree of Life
03:38 Moon Well
03:55 Hunter's Hall
05:15 Tree of Ages
05:15 Tree of Ages
06:20 Ancient of Wonders
08:22 Ancient of Wind
08:25 Moon Well
09:04 Ancient of Wind
09:07 Tree of Eternity
09:15 Ancient Protector
09:24 Ancient Protector
09:31 Ancient Protector
10:06 Ancient Protector
11:35 Chimaera Roost
11:35 Chimaera Roost
12:08 Moon Well
12:08 Moon Well
12:47 Tree of Life
14:10 Moon Well
20:49 Moon Well
20:49 Moon Well
22:44 Tree of Life
» items
| Boots of Speed | 1 | |
| Staff of Teleportation | 2 | |
| Scroll of Town Portal | 4 | |
| Staff of Preservation | 1 | |
| Orb of Venom | 1 | |
| Potion of Lesser Invulnerability | 1 | |
10 total
JohnnieCope (
orange | 104 APM | 5489 actions | 52:43)
6 Archmage
3 Summon Water Elemental
2 Brilliance Aura
1 Mass Teleport
4 Paladin
2 Holy Light
2 Devotion Aura
4 Pandaren Brewmaster
2 Breath of Fire
2 Drunken Haze
» actions
| Assign group hotkey | 138 | |
| Basic commands | 542 | |
| Build / train | 185 | |
| ESC pressed | 8 | |
| Enter build submenu | 50 | |
| Enter hero's abilities submenu | 15 | |
| Give item / drop item | 29 | |
| Remove unit from queue | 1 | |
| Right click | 1400 | |
| Select / deselect | 719 | |
| Select group hotkey | 2083 | |
| Use ability | 319 | |
5489 total
» units
| Peasant | 12 | |
| Footman | 5 | |
| Rifleman | 2 | |
| Goblin Shredder | 6 | |
| Dragonhawk Rider | 9 | |
| Goblin Sapper | 6 | |
| Goblin Zeppelin | 12 | |
| Gryphon Rider | 6 | |
| Priest | 3 | |
61 total
» upgrades
| Gunpowder | 3 | |
| Swords | 3 | |
| Armor | 3 | |
| Masonry | 3 | |
| Cloud | 1 | |
| Storm Hammers | 1 | |
| Animal War Training | 1 | |
| Long Rifles | 1 | |
| Sorceress Training | 2 | |
| Priest Training | 2 | |
| Control Magic | 1 | |
| Plating | 3 | |
24 total
» buildings
| Altar of Kings | 1 | |
| Barracks | 1 | |
| Farm | 12 | |
| Blacksmith | 1 | |
| Lumber Mill | 1 | |
| Arcane Vault | 1 | |
| Town Hall | 2 | |
| Scout Tower | 22 | |
| Keep | 2 | |
| Arcane Tower | 3 | |
| Guard Tower | 23 | |
| Castle | 3 | |
| Gryphon Aviary | 6 | |
| Arcane Sanctum | 2 | |
80 total
» build order
01:04 Altar of Kings
01:07 Barracks
01:19 Farm
01:34 Farm
01:39 Farm
01:59 Farm
02:16 Blacksmith
02:20 Lumber Mill
02:43 Arcane Vault
03:58 Town Hall
04:00 Scout Tower
05:17 Keep
05:17 Keep
05:42 Arcane Tower
05:42 Arcane Tower
05:42 Arcane Tower
05:44 Scout Tower
05:45 Scout Tower
05:46 Scout Tower
06:20 Scout Tower
06:25 Scout Tower
06:53 Guard Tower
07:44 Guard Tower
07:45 Guard Tower
08:01 Castle
08:02 Castle
08:02 Castle
08:39 Gryphon Aviary
08:40 Gryphon Aviary
09:57 Farm
09:59 Scout Tower
10:38 Farm
11:08 Guard Tower
11:08 Guard Tower
11:08 Guard Tower
12:28 Scout Tower
12:31 Scout Tower
12:32 Scout Tower
12:33 Scout Tower
13:12 Guard Tower
14:17 Arcane Sanctum
14:18 Arcane Sanctum
14:52 Farm
14:54 Farm
14:55 Farm
14:57 Farm
15:10 Farm
17:46 Gryphon Aviary
17:47 Gryphon Aviary
17:50 Gryphon Aviary
17:51 Gryphon Aviary
18:37 Farm
18:41 Scout Tower
18:43 Scout Tower
19:14 Scout Tower
19:15 Scout Tower
19:17 Guard Tower
19:17 Guard Tower
19:20 Guard Tower
19:20 Guard Tower
19:21 Guard Tower
20:35 Guard Tower
20:35 Guard Tower
20:35 Guard Tower
33:30 Scout Tower
33:31 Scout Tower
33:32 Scout Tower
33:33 Scout Tower
33:34 Scout Tower
34:02 Guard Tower
34:02 Guard Tower
34:05 Guard Tower
34:05 Guard Tower
34:37 Town Hall
34:42 Guard Tower
34:43 Guard Tower
34:45 Scout Tower
34:45 Scout Tower
35:26 Guard Tower
35:26 Guard Tower
» items
| Scroll of Regeneration | 4 | |
| Mechanical Critter | 8 | |
| Potion of Invulnerability | 1 | |
| Boots of Speed | 2 | |
| Periapt of Vitality | 3 | |
| Scroll of Town Portal | 4 | |
| Staff of Sanctuary | 1 | |
| Orb of Fire | 1 | |
| Mana Stone | 1 | |
| Staff of Teleportation | 3 | |
| Talisman of Evasion | 1 | |
| Orb of Venom | 1 | |
| Scroll of Protection | 1 | |
| Potion of Lesser Invulnerability | 1 | |
| Pendant of Energy | 1 | |
33 total
Mephisto. (
blue | 51 APM | 2679 actions | 52:44)
6 Naga Sea Witch
3 Frost Arrows
2 Forked Lightning
1 Tornado
5 Dark Ranger
3 Black Arrow
2 Silence
» actions
| Assign group hotkey | 31 | |
| Basic commands | 61 | |
| Build / train | 95 | |
| ESC pressed | 2 | |
| Enter build submenu | 39 | |
| Enter hero's abilities submenu | 13 | |
| Right click | 1661 | |
| Select / deselect | 495 | |
| Select group hotkey | 194 | |
| Use ability | 88 | |
2679 total
» units
| Peasant | 14 | |
| Footman | 2 | |
| Rifleman | 26 | |
| Mortar Team | 11 | |
| Siege Engine | 3 | |
56 total
» upgrades
| Gunpowder | 2 | |
| Armor | 1 | |
| Long Rifles | 1 | |
| Fragmentation Shards | 1 | |
| Flare | 1 | |
6 total
» buildings
| Altar of Kings | 1 | |
| Farm | 12 | |
| Barracks | 1 | |
| Blacksmith | 1 | |
| Keep | 2 | |
| Arcane Vault | 1 | |
| Lumber Mill | 1 | |
| Castle | 2 | |
| Town Hall | 2 | |
| Scout Tower | 14 | |
| Workshop | 1 | |
| Guard Tower | 4 | |
42 total
» build order
00:18 Altar of Kings
00:22 Farm
00:38 Barracks
01:01 Farm
02:19 Blacksmith
02:29 Farm
02:49 Farm
04:03 Keep
04:03 Keep
04:25 Arcane Vault
04:54 Lumber Mill
06:12 Farm
07:03 Farm
07:56 Castle
07:56 Castle
08:12 Town Hall
08:19 Farm
08:41 Scout Tower
08:42 Scout Tower
08:43 Scout Tower
09:06 Workshop
09:41 Scout Tower
09:43 Scout Tower
09:44 Scout Tower
11:52 Scout Tower
11:54 Scout Tower
12:33 Scout Tower
12:36 Scout Tower
13:44 Guard Tower
13:44 Guard Tower
13:44 Guard Tower
15:32 Town Hall
15:36 Scout Tower
15:37 Scout Tower
15:38 Scout Tower
15:39 Scout Tower
19:08 Guard Tower
19:11 Farm
19:16 Farm
19:31 Farm
19:32 Farm
20:46 Farm
» items
| Scroll of Regeneration | 2 | |
| Potion of Healing | 1 | |
| Staff of Sanctuary | 1 | |
| Lesser Clarity Potion | 1 | |
| Scroll of Town Portal | 1 | |
| Boots of Speed | 1 | |
7 total

»
BoratSagdiev (
green | 28 APM | 1100 actions | 39:33)
6 Priestess of the Moon
3 Trueshot Aura
2 Searing Arrows
1 Starfall
2 Demon Hunter
1 Evasion
1 Immolation
» actions
| Build / train | 109 | |
| ESC pressed | 1 | |
| Enter build submenu | 26 | |
| Enter hero's abilities submenu | 8 | |
| Give item / drop item | 3 | |
| Right click | 489 | |
| Select / deselect | 397 | |
| Use ability | 67 | |
1100 total
» units
| Wisp | 24 | |
| Archer | 23 | |
| Hippogryph | 17 | |
| Chimaera | 1 | |
65 total
» upgrades
| Strength of the Moon | 3 | |
| Moon Armor | 3 | |
| Improved Bows | 1 | |
| Hippogryph Taming | 1 | |
| Marksmanship | 1 | |
| Well Spring | 1 | |
| Strength of the Wild | 1 | |
11 total
» buildings
| Moon Well | 8 | |
| Altar of Elders | 2 | |
| Ancient of War | 1 | |
| Hunter's Hall | 2 | |
| Tree of Ages | 1 | |
| Tree of Life | 5 | |
| Tree of Eternity | 1 | |
| Ancient of Wind | 1 | |
| Chimaera Roost | 1 | |
| Ancient Protector | 1 | |
23 total
» build order
00:35 Moon Well
00:46 Altar of Elders
01:34 Ancient of War
01:43 Moon Well
02:08 Moon Well
03:05 Hunter's Hall
04:02 Tree of Ages
05:57 Tree of Life
06:15 Moon Well
06:52 Tree of Eternity
07:16 Ancient of Wind
15:52 Moon Well
20:24 Chimaera Roost
20:59 Tree of Life
22:45 Ancient Protector
22:51 Moon Well
28:42 Tree of Life
28:46 Moon Well
32:26 Hunter's Hall
33:40 Tree of Life
34:50 Tree of Life
39:01 Altar of Elders
39:21 Moon Well
» items
| Scroll of Town Portal | 4 | |
| Scroll of Protection | 5 | |
| Potion of Lesser Invulnerability | 7 | |
| Scroll of Healing | 2 | |
| Boots of Speed | 1 | |
| Dust of Appearance | 1 | |
| Staff of Teleportation | 1 | |
21 total
team 2 (loser)

»
I_MASS_ARCHERS (
yellow | 101 APM | 1511 actions | 14:55)
3 Priestess of the Moon
1 Searing Arrows
2 Trueshot Aura
2 Keeper of the Grove
1 Entangling Roots
1 Thorns Aura
» actions
| Assign group hotkey | 18 | |
| Basic commands | 76 | |
| Build / train | 63 | |
| ESC pressed | 8 | |
| Enter build submenu | 29 | |
| Enter hero's abilities submenu | 6 | |
| Give item / drop item | 1 | |
| Right click | 737 | |
| Select / deselect | 301 | |
| Select group hotkey | 205 | |
| Use ability | 67 | |
1511 total
» units
| Wisp | 24 | |
| Archer | 9 | |
| Druid of the Claw | 3 | |
36 total
» upgrades
| Strength of the Moon | 3 | |
| Moon Armor | 1 | |
| Improved Bows | 1 | |
| Druid of the Claw Training | 1 | |
6 total
» buildings
| Moon Well | 7 | |
| Altar of Elders | 1 | |
| Ancient of War | 2 | |
| Tree of Ages | 1 | |
| Hunter's Hall | 1 | |
| Tree of Life | 3 | |
| Ancient Protector | 4 | |
| Ancient of Lore | 3 | |
| Ancient of Wonders | 1 | |
| Tree of Eternity | 3 | |
26 total
» build order
00:18 Moon Well
01:18 Altar of Elders
01:27 Ancient of War
01:29 Ancient of War
02:00 Moon Well
03:05 Moon Well
05:17 Tree of Ages
05:19 Hunter's Hall
07:01 Tree of Life
07:03 Ancient Protector
07:05 Tree of Life
07:18 Ancient Protector
07:30 Ancient Protector
08:18 Ancient Protector
08:42 Ancient of Lore
08:45 Ancient of Lore
09:05 Moon Well
09:08 Moon Well
11:30 Ancient of Lore
11:33 Ancient of Wonders
12:03 Moon Well
12:04 Moon Well
12:39 Tree of Eternity
12:39 Tree of Eternity
12:39 Tree of Eternity
14:00 Tree of Life
» items
| Scroll of Healing | 3 | |
| Scroll of Protection | 1 | |
| Potion of Lesser Invulnerability | 3 | |
| Scroll of Town Portal | 1 | |
8 total
RageChamp23 (
pink | 57 APM | 3015 actions | 52:44)
10 Blademaster
3 Wind Walk
3 Critical Strike
1 Bladestorm
3 Mirror Image
1 Goblin Tinker
1 Engineering Upgrade
» actions
| Assign group hotkey | 25 | |
| Basic commands | 112 | |
| Build / train | 101 | |
| Enter build submenu | 65 | |
| Enter hero's abilities submenu | 11 | |
| Give item / drop item | 14 | |
| Remove unit from queue | 2 | |
| Right click | 1463 | |
| Select / deselect | 503 | |
| Select group hotkey | 409 | |
| Use ability | 309 | |
3015 total
» units
| Peon | 10 | |
| Grunt | 4 | |
| Goblin Shredder | 1 | |
| Goblin Zeppelin | 4 | |
| Goblin Sapper | 6 | |
| Troll Batrider | 18 | |
43 total
» upgrades
| Reinforced Defenses | 1 | |
| Ranged Weapons | 3 | |
| Armor | 4 | |
| Troll Regeneration | 1 | |
| Liquid Fire | 1 | |
| Envenomed Spears | 1 | |
11 total
» buildings
| Orc Burrow | 7 | |
| Altar of Storms | 1 | |
| Barracks | 2 | |
| Voodoo Lounge | 3 | |
| War Mill | 2 | |
| Stronghold | 1 | |
| Watch Tower | 42 | |
| Great Hall | 4 | |
| Fortress | 1 | |
| Beastiary | 4 | |
| Moon Well | 17 | |
84 total
» build order
00:43 Orc Burrow
01:07 Altar of Storms
01:09 Barracks
01:12 Barracks
01:18 Orc Burrow
02:00 Voodoo Lounge
02:59 War Mill
03:35 Stronghold
04:05 Orc Burrow
04:36 Watch Tower
04:36 Watch Tower
05:06 Great Hall
06:45 Fortress
06:47 Watch Tower
06:50 Watch Tower
07:35 Watch Tower
07:38 Watch Tower
09:02 Orc Burrow
09:11 Watch Tower
09:14 Watch Tower
09:17 Voodoo Lounge
09:19 Watch Tower
09:22 Watch Tower
09:29 Orc Burrow
10:20 Watch Tower
10:23 Watch Tower
10:43 Watch Tower
10:43 Watch Tower
10:44 Watch Tower
10:47 Watch Tower
10:47 Watch Tower
13:10 War Mill
13:52 Beastiary
13:53 Beastiary
13:54 Beastiary
13:55 Beastiary
18:43 Orc Burrow
18:46 Orc Burrow
22:34 Moon Well
22:35 Moon Well
22:35 Moon Well
22:36 Moon Well
22:36 Moon Well
22:37 Moon Well
22:37 Moon Well
22:38 Moon Well
23:29 Watch Tower
23:29 Watch Tower
23:29 Watch Tower
23:30 Watch Tower
23:30 Watch Tower
23:32 Watch Tower
23:33 Watch Tower
23:34 Watch Tower
23:34 Watch Tower
24:29 Watch Tower
26:42 Great Hall
30:47 Watch Tower
32:07 Moon Well
32:07 Moon Well
32:07 Moon Well
32:09 Moon Well
32:09 Moon Well
32:09 Moon Well
37:10 Great Hall
37:11 Watch Tower
37:12 Watch Tower
37:20 Watch Tower
37:22 Watch Tower
40:16 Great Hall
40:18 Watch Tower
40:18 Watch Tower
40:19 Watch Tower
40:20 Watch Tower
40:21 Watch Tower
40:21 Watch Tower
40:22 Watch Tower
40:23 Voodoo Lounge
41:05 Moon Well
41:05 Moon Well
41:05 Moon Well
42:46 Watch Tower
42:46 Watch Tower
42:47 Watch Tower
» items
| Healing Salve | 5 | |
| Scroll of Town Portal | 7 | |
| Lesser Clarity Potion | 4 | |
| Potion of Healing | 3 | |
| Potion of Mana | 3 | |
| Orb of Lightning | 1 | |
| Periapt of Vitality | 4 | |
| Staff of Teleportation | 2 | |
29 total

»
www.evil-rs.net (
teal | 26 APM | 1373 actions | 52:44)
5 Priestess of the Moon
3 Trueshot Aura
2 Searing Arrows
3 Demon Hunter
2 Immolation
1 Evasion
» actions
| Assign group hotkey | 30 | |
| Basic commands | 1 | |
| Build / train | 79 | |
| Enter build submenu | 23 | |
| Enter hero's abilities submenu | 9 | |
| Remove unit from queue | 3 | |
| Right click | 679 | |
| Select / deselect | 376 | |
| Select group hotkey | 130 | |
| Use ability | 43 | |
1373 total
» units
| Wisp | 17 | |
| Dryad | 20 | |
| Chimaera | 7 | |
| Hippogryph | 10 | |
| Archer | 4 | |
58 total
» upgrades
| Strength of the Wild | 2 | |
| Reinforced Hides | 2 | |
| Abolish Magic | 1 | |
| Corrosive Breath | 1 | |
6 total
» buildings
| Altar of Elders | 2 | |
| Moon Well | 9 | |
| Hunter's Hall | 1 | |
| Tree of Ages | 1 | |
| Ancient of Wonders | 1 | |
| Ancient of Lore | 1 | |
| Ancient of Wind | 1 | |
| Tree of Eternity | 1 | |
| Chimaera Roost | 1 | |
| Tree of Life | 2 | |
| Ancient of War | 2 | |
22 total
» build order
00:27 Altar of Elders
00:38 Moon Well
00:53 Moon Well
01:45 Hunter's Hall
02:07 Moon Well
03:18 Tree of Ages
03:56 Moon Well
04:01 Ancient of Wonders
05:26 Moon Well
05:42 Ancient of Lore
05:46 Ancient of Wind
05:49 Tree of Eternity
06:28 Moon Well
06:38 Moon Well
07:32 Moon Well
09:08 Chimaera Roost
09:14 Moon Well
09:33 Tree of Life
32:23 Tree of Life
39:09 Altar of Elders
39:16 Ancient of War
39:23 Ancient of War
Mitzy (
purple | 61 APM | 1014 actions | 16:43)
4 Keeper of the Grove
2 Entangling Roots
2 Thorns Aura
» actions
| Assign group hotkey | 12 | |
| Basic commands | 1 | |
| Build / train | 75 | |
| Enter build submenu | 17 | |
| Enter hero's abilities submenu | 4 | |
| Right click | 494 | |
| Select / deselect | 255 | |
| Select group hotkey | 112 | |
| Use ability | 44 | |
1014 total
» units
| Wisp | 25 | |
| Huntress | 19 | |
| Makrura Snapper | 1 | |
| Glaive Thrower | 3 | |
| Dryad | 5 | |
53 total
» upgrades
| Strength of the Moon | 2 | |
| Moon Armor | 3 | |
| Nature's Blessing | 1 | |
| Vorpal Blades | 1 | |
| Well Spring | 1 | |
| Upgrade Moon Glaive | 1 | |
| Strength of the Wild | 1 | |
| Reinforced Hides | 1 | |
| Abolish Magic | 1 | |
12 total
» buildings
| Moon Well | 5 | |
| Altar of Elders | 1 | |
| Hunter's Hall | 1 | |
| Ancient of War | 2 | |
| Ancient Protector | 2 | |
| Tree of Life | 2 | |
| Tree of Ages | 1 | |
| Tree of Eternity | 1 | |
| Ancient of Wonders | 1 | |
| Ancient of Lore | 1 | |
17 total
» build order
00:10 Moon Well
00:14 Altar of Elders
01:14 Hunter's Hall
01:34 Moon Well
01:58 Ancient of War
02:30 Ancient Protector
02:52 Ancient Protector
03:31 Moon Well
05:28 Tree of Life
05:59 Tree of Ages
07:00 Moon Well
09:47 Tree of Eternity
11:28 Ancient of War
11:36 Moon Well
12:14 Ancient of Wonders
12:53 Tree of Life
15:44 Ancient of Lore
» items
| Orb of Venom | 1 | |
| Scroll of Town Portal | 1 | |
| Potion of Mana | 1 | |
3 total
Chat log
(00:23 / Allies) Mitzy: hunts to start
(00:28 / Allies) I_MASS_ARCHERS: archer fast expo
(03:15 / Allies) I_MASS_ARCHERS: they all fast expanding
(05:15 / Allies) RageChamp23: gold?
(11:17 / Allies) I_MASS_ARCHERS: im out
(13:14 / Allies) Mitzy: we need aa
(14:38 / All) RageChamp23: Scrub
(14:39 / All) I_MASS_ARCHERS: gg
(14:40 / Allies) Mitzy: outout
(15:15 / All) RageChamp23: wow lol
(15:22 / Allies) Mitzy: meet at my base
(15:24 / Allies) Mitzy: lets hit blue
(16:51 / All) JohnnieCope: wow
(16:56 / All) JohnnieCope: pussies
(17:30 / All) RageChamp23: wow
(17:34 / All) RageChamp23: I got a dog's breakfast for a team
(22:54 / Allies) www.evil-rs.net: coming to you
(23:01 / Allies) RageChamp23: they hittign you
(23:18 / All) BoratSagdiev: leave noob
(23:19 / Allies) www.evil-rs.net: last stand at yours
(25:34 / All) JohnnieCope: Blue says I'm autistic
(25:42 / All) www.evil-rs.net: you wont tk
(25:46 / All) JohnnieCope: I'm reporting him
(25:48 / All) RageChamp23: GREEN = BIG TIME NOOB!
(25:49 / All) JohnnieCope: that's ableist
(26:06 / All) RageChamp23: LEAVE NOOB GREEN LOL
(26:32 / Allies) www.evil-rs.net: you got 3k gold
(26:35 / Allies) www.evil-rs.net: buy some shit :D
(27:36 / All) RageChamp23: green is dog shit lol
(27:41 / All) RageChamp23: one of hte worst I've ever seen
(28:39 / All) RageChamp23: lol raped
(29:57 / All) JohnnieCope: Blue says I don't even understand how little he cares
(30:00 / All) JohnnieCope: seems to care about proving that
(30:11 / All) Mephisto.: when autism strike your kid too har
(30:13 / All) Mephisto.: hard
(30:16 / All) Mephisto.: that's orange result
(30:24 / All) JohnnieCope: tell me more
(30:26 / All) Mephisto.: he takes this shit so seriously
(30:30 / All) JohnnieCope: what makes you think that
(30:39 / All) Mephisto.: no ty
(30:40 / All) JohnnieCope: I'm chilling and tking, you're taking it seriously insisting how little you care
(30:42 / All) Mephisto.: i'll just afk
(30:51 / All) JohnnieCope: cuz you dont care about this win
(30:52 / All) JohnnieCope: LOL
(30:56 / All) Mephisto.: dont want to spend 1 single more second with your autist ass
(30:57 / All) Mephisto.: sorry
(32:24 / All) RageChamp23: Ready to die, bitch?
(34:04 / All) coopermnmcbride: do you have another hero pink?
(34:15 / Allies) RageChamp23: Cool mh
(34:55 / Allies) www.evil-rs.net: setting up new is oj
(35:55 / Allies) www.evil-rs.net: if you send me gold ill try and set up a base again
(35:58 / All) RageChamp23: tank guarding without air lol
(36:45 / Allies) www.evil-rs.net: only need like 500
(37:22 / All) Mephisto.: hope you guys win
(38:23 / All) JohnnieCope: NICE TRY TPING
(38:35 / Allies) www.evil-rs.net: pink send me 500
(38:37 / Allies) www.evil-rs.net: ill make some troops
(39:11 / All) Mephisto.: idk what I was expecting from someone named johnnie
(39:14 / All) RageChamp23: my hero
(39:20 / All) JohnnieCope: HEY JOHNNIE COPE ARE YA WALKIN YET
(39:23 / All) RageChamp23: go ahead and kill the hero
(39:23 / All) JohnnieCope: ARE YOUR DRUMS A BEATIN YET
(39:27 / All) Mephisto.: even his parents knew he was fucking retarded and named him johnnie
(39:28 / All) Mephisto.: rofl
(40:49 / All) Mephisto.: the inbred child of the world
(40:57 / All) Mephisto.: how does it feel to have autism orange
(40:58 / All) JohnnieCope: says the diablo tard
(40:59 / All) JohnnieCope: grind more
(41:11 / All) Mephisto.: oh yes mephisto is only linked to diablo
(41:20 / All) Mephisto.: I forgot you were autist
(41:21 / All) Mephisto.: you
(41:24 / All) JohnnieCope: someone with that username in warcraft 3 it definitely only is linked to diablo
(41:26 / All) Mephisto.: can only think about game
(41:36 / All) JohnnieCope: Alright it 100% wasn't from Diablo
(41:37 / All) Mephisto.: obviously
(41:38 / All) JohnnieCope: I believe you
(41:42 / All) Mephisto.: autism strike again
(41:43 / All) JohnnieCope: probably never played that game
(42:01 / All) Mephisto.: orange were u born this way or did your mom drop you as a kid?
(42:12 / All) RageChamp23: why you crying bitch noob?
(42:16 / All) RageChamp23: I beat you fair and square
(42:18 / All) RageChamp23: I earned this win
(42:18 / All) JohnnieCope: Blue is upset
(42:24 / All) JohnnieCope: crybaby ally
(42:27 / All) Mephisto.: not upset
(42:30 / All) JohnnieCope: all he does is cry and talk about autism
(42:33 / All) JohnnieCope: seems to know a lot about it
(42:38 / All) JohnnieCope: autists in ur family blue?
(42:42 / All) JohnnieCope: or are you one and speaking from experience
(42:43 / All) Mephisto.: no dear god
(42:47 / All) Mephisto.: thanks for that
(42:52 / All) Mephisto.: none like you runs in my family
(43:02 / All) Mephisto.: autist should be killed at birth
(43:06 / All) Mephisto.: defect human beings
(43:18 / All) JohnnieCope: I think blue was hurt by an autist somehow
(43:29 / All) Mephisto.: oh yeah
(43:35 / All) JohnnieCope: blue got mad beef with the retards
(43:38 / All) RageChamp23: he's just blurting our a buzzword
(43:38 / All) Mephisto.: you wish autist could hurt people
(43:49 / All) Mephisto.: but all they can do is be fucking retarded in life
(43:53 / All) JohnnieCope: lawl
(44:03 / All) RageChamp23: autist cuck autist cuck autist cuck
(44:11 / All) JohnnieCope: Blue has autism, limited vocabulary and obviously a low IQ
(44:16 / All) JohnnieCope: He can only repeat the same words over and over
(44:21 / All) JohnnieCope: but at least he's not quite non-verbal
(44:23 / All) Mephisto.: same words?
(44:30 / All) JohnnieCope: that's what I said
(44:32 / All) Mephisto.: okay man you got me there
(44:48 / All) RageChamp23: I had shitty level 6 claws whole time
(44:57 / All) Mephisto.: I dont know how I would believe someone with such little social cues could be autistic
(44:58 / All) RageChamp23: I see claws on me I think they're at least +9 and keep forgetting to sell
(44:58 / All) JohnnieCope: Shit luck with marketplaces this match
(44:58 / All) Mephisto.: sorry man
(45:01 / All) JohnnieCope: took froever to get pendant of nrg
(45:06 / All) Mephisto.: orange all on you
(45:13 / All) RageChamp23: running to purple old base
(45:15 / All) Mephisto.: "you are not autistic"
(45:17 / All) Mephisto.: believe it
(45:22 / All) Mephisto.: it may happen
(45:34 / All) JohnnieCope: got any other insults blue or is that your only one
(45:35 / All) RageChamp23: this boy running
(45:35 / All) Mephisto.: just pray to the autistic fairy or something
(45:41 / All) RageChamp23: shop above ur expo
(46:06 / All) RageChamp23: haha
(46:14 / All) RageChamp23: didn't need to get that second hero
(46:15 / All) JohnnieCope: kill shredder
(46:23 / All) RageChamp23: why he run that direction
(46:39 / Allies) RageChamp23: just leave bro, u suck lol
(47:28 / All) Mephisto.: yes
(47:31 / All) Mephisto.: do it orange
(47:39 / All) JohnnieCope: Don't try to reverse psychology me
(47:43 / All) Mephisto.: no
(47:53 / All) Mephisto.: do it please
(48:00 / All) Mephisto.: we dont deserve to win right
(48:04 / All) Mephisto.: yes
(48:06 / All) Mephisto.: good child
(48:22 / All) Mephisto.: thank god I was scared we would win for a minute
(48:42 / All) JohnnieCope: Me and pink are killing everything including our own units, blue vs teal with no way to kill each other
(48:46 / All) JohnnieCope: can leave on your compuers for the win
(48:47 / All) JohnnieCope: sound fair?
(48:53 / All) Mephisto.: no
(48:59 / All) Mephisto.: you have to destroy every buildings
(49:02 / All) JohnnieCope: No I don't
(49:05 / All) Mephisto.: kill yourself
(50:42 / All) Mephisto.: what are you waiting for
(50:46 / All) Mephisto.: kill your whole base
(50:55 / All) JohnnieCope: standoff
(52:40 / All) JohnnieCope: good luck idiots
(52:43 / All) RageChamp23: Good luck gentlemen